 Dungeon Crawl Stone Soup version 0.31.0-32-g396128a36d (webtiles) character file.

Game seed: 1006682773173394158

3660 PaiMei the Purveyor of Pain (level 9, -3/71 HPs)
             Began as a Demonspawn Necromancer on Apr 11, 2024.
             Was an Initiate of Kikubaaqudgha.
             Slain by Menkaure (15 damage)
             ... on level 7 of the Dungeon.
             The game lasted 00:14:44 (12102 turns).

PaiMei the Purveyor of Pain (DsNe)                 Turns: 12102, Time: 00:14:44

Health: -3/71      AC:  4    Str:  8    XL:     9   Next: 89%
Magic:  28/28      EV: 16    Int: 20    God:    Kikubaaqudgha [......]
Gold:   341        SH:  0    Dex: 20    Spells: 13/21 levels left

rFire   . . .        x - +1 mace (pain)
rCold   . . .        (no shield)
rNeg    . . .        t - +2 robe
rPois   .            (no helmet)
rElec   .            d - scarf {shadows}
rCorr   .            (no gloves)
SInv    .            (no boots)
Will    .....        (no amulet)
Stlth   ++           j - ring of magical power
HPRegen 0.31/turn    o - +6 ring of dexterity
MPRegen 0.42/turn

%: no passive effects
@: no status effects
A: ignite blood 1, magic regeneration
a: Renounce Religion


You were on level 7 of the Dungeon.
You worshipped Kikubaaqudgha.
Kikubaaqudgha was noncommittal.
You visited 2 branches of the dungeon, and saw 9 of its levels.

You collected 453 gold pieces.
You spent 112 gold pieces at shops.

Inventory:

Hand Weapons
 p - a +2 mace of draining
 x - a +1 mace of pain (weapon)
Missiles
 l - 5 poisoned darts (quivered)
Armour
 d - a scarf of shadows (worn)
 r - a +0 kite shield
 t - a +2 robe (worn)
 C - an orb of light
Jewellery
 j - a ring of magical power (left hand)
 m - a ring of positive energy
 o - a +6 ring of dexterity (right hand)
 q - a ring of flight
 u - a ring of willpower
 z - a ring of protection from cold
 B - a ring of protection from fire
Wands
 a - a wand of mindburst (6)
 D - a wand of light (9)
Scrolls
 f - a scroll of identify
 h - 2 scrolls of amnesia {unknown}
 i - 2 scrolls of enchant armour {unknown}
 v - a scroll of blinking {unknown}
 y - a scroll of vulnerability {unknown}
Potions
 b - a potion of magic
 c - 4 potions of lignification {unknown}
 e - 5 potions of curing
 g - 4 potions of heal wounds
 k - a potion of haste {unknown}
 n - a potion of might {unknown}
 s - 3 potions of invisibility {unknown}
 w - a potion of attraction {unknown}
 A - a potion of enlightenment {unknown}


   Skills:
 + Level 6.8 Fighting
 + Level 6.7 Dodging
 - Level 2.0 Stealth
 + Level 6.8 Spellcasting
 + Level 9.0 Necromancy


You had 13 spell levels left.
You knew the following spells:

 Your Spells              Type           Power      Damage    Failure   Level
a - Necrotise             Necr           100%       1d9       1%          1
b - Vampiric Draining     Necr           43%        2d9       1%          3
c - Animate Dead          Necr           43%        N/A       2%          4

Your spell library contained the following spells:

 Spells                   Type           Power      Damage    Failure   Level
 Curse of Agony           Necr           43%        N/A       6%          5
 Apportation              Tloc           12%        N/A       10%         1
 Slow                     Hex            24%        N/A       10%         1
 Sting                    Conj/Alch      24%        1d4       10%         1
 Summon Small Mammal      Summ           24%        N/A       10%         1
 Jinxbite                 Hex            12%        N/A       14%         2
 Confusing Touch          Hex            6%         N/A       28%         3
 Sigil of Binding         Hex            6%         N/A       28%         3
 Volatile Blastmotes      Fire/Tloc      12%        2d11      28%         3
 Fulminant Prism          Conj/Alch      3%         3d5       67%         4
 Iskenderun's Mystic Bla  Conj/Tloc      6%         2d4       67%         4
 Alistair's Intoxication  Alch           4%         N/A       95%         5


Dungeon Overview and Level Annotations

Branches:
Dungeon (8/15)             Temple (1/1) D:7
   Lair: D:8-11

Altars:
Ashenzari
Cheibriados
Dithmenos
Fedhas
Gozag
Kikubaaqudgha
Makhleb
Nemelex Xobeh
Okawaru
Qazlal
Sif Muna
Trog
Uskayaw
Vehumet
Wu Jian
Xom
Yredelemnul

Shops:
D:2 *   D:5 !   D:6 =

Annotations:
D:4 2 runed translucent doors, frostburnice's ghost, weakling FeBe
D:7 Menkaure
D:8 2 transporters, tizbic2's ghost, novice MfSh


Innate Abilities, Weirdness & Mutations

Your demonic aura sometimes causes spilled blood to erupt in flames.
You regenerate magic rapidly.


Message History

You swap places.
Your wyvern zombie barely misses the gargoyle.
The gargoyle hurls a stone arrow at you.
The stone arrow hits your wyvern zombie.
Your wyvern zombie bites the gargoyle!
The gargoyle hurls a stone arrow at you.
The stone arrow hits your wyvern zombie!
Your wyvern zombie bites the gargoyle but does no damage.
The gargoyle hits your wyvern zombie with a +0 flail!!
Your wyvern zombie bites the gargoyle but does no damage. x2
The gargoyle hits your wyvern zombie with a +0 flail!
Your wyvern zombie is destroyed!
The gargoyle hurls a stone arrow at you.
The stone arrow hits you!!
There is an open door here.
There is an open door here.
The gargoyle hurls a stone arrow at you.
The stone arrow misses you.
There is an escape hatch in the ceiling here.
A mysterious force pulls you upwards. The hatch slams shut behind you.
Level annotation: Menkaure Menkaure shouts!
There are monsters nearby!
Okay, then.
Okay, then.
You barely miss Menkaure. Menkaure hits you.
You barely miss Menkaure. Menkaure hits you!
You sock Menkaure!
Menkaure is moderately damaged.
Menkaure barely misses you.
You hit Menkaure but do no damage.
Menkaure is moderately damaged.
Menkaure casts a spell.
Menkaure seems to speed up.
Menkaure hits you!
* * * LOW HITPOINT WARNING * * *
You hit Menkaure.
Menkaure is heavily damaged.
Menkaure hits you!
You die...
Kikubaaqudgha rasps: "You have failed me!
Welcome... death!"

###...##.........##
#'#.#.....z....
#.#####.......#
#..)..#'#...#'#
###)###..##### .
#.))# #......#
#.### #.#...## #M#
#.##### #@# #.# #○#
#.# #.# #.# #. #.#
#.# #. #.# #.# #.
#.# #.#########.
#.#####.#.........
#.zz...<..######..
#######.#######...


You could see Menkaure (fast).

Vanquished Creatures
  A hornet (D:7)
  A wyvern (D:8)
  Eustachio (D:4)
  A water moccasin (D:5)
  Duvessa (D:4)
  3 ice beasts
  An orc warrior (D:7)
  4 sky beasts
  3 black bears
  An ogre (D:3)
  2 centaurs
  3 phantoms
  2 bullfrogs (D:7)
  3 scorpions
  2 gnoll sergeants
  Dowan (D:4)
  2 wights
  A howler monkey (D:6)
  3 hounds
  2 bombardier beetles
  2 jellies
  4 orc priests
  3 sleepcaps
  4 iguanas
  4 orc wizards
  12 gnolls
  5 adders
  A white imp (D:5)
  A dart slug (D:3)
  2 ribbon worms (D:3)
  16 orcs
  3 bats
  An endoplasm (D:2)
  2 giant cockroaches
  8 goblins
  9 hobgoblins
  6 jackals
  3 quokkas
  4 ball pythons
  4 frilled lizards
  5 kobolds
  3 rats (D:1)
140 creatures vanquished.

Vanquished Creatures (collateral kills)
  A hobgoblin (D:4)
  A jackal (D:2)
  A bat (D:1)
  A kobold (D:2)
  A rat (D:1)
5 creatures vanquished.

Vanquished Creatures (others)
  A wyvern zombie (D:8)
1 creature vanquished.

Grand Total: 146 creatures vanquished

Notes
Turn   | Place    | Note
-------+----------+-------------------------------------------
     0 | D:1      | PaiMei the Demonspawn Necromancer began the quest for the
                  | Orb.
     0 | D:1      | Reached XP level 1. HP: 13/13 MP: 3/3
   223 | D:1      | Gained mutation: Your demonic aura sometimes causes spilled
                  | blood to erupt in flames. [demonic ancestry]
   223 | D:1      | Reached XP level 2. HP: 19/19 MP: 0/5
  1055 | D:2      | Found Tadghiumamm's Assorted Antiques.
  1364 | D:2      | Gained mutation: You regenerate magic rapidly. [demonic
                  | ancestry]
  1364 | D:2      | Reached XP level 3. HP: 25/25 MP: 6/6
  1765 | D:3      | Reached skill level 1 in Fighting
  1810 | D:3      | Noticed an ogre
  1818 | D:3      | Killed an ogre
  1819 | D:3      | Reached skill level 5 in Necromancy
  1819 | D:3      | Reached XP level 4. HP: 19/33 MP: 8/8
  2021 | D:3      | Learned a level 3 spell: Vampiric Draining
  2026 | D:3      | Learned a level 4 spell: Animate Dead
  2053 | D:3      | Reached XP level 5. HP: 38/38 MP: 9/9
  3928 | D:4      | Noticed a sky beast
  4095 | D:3      | Reached XP level 6. HP: 41/46 MP: 7/11
  4342 | D:4      | Killed a sky beast
  4343 | D:4      | Reached skill level 6 in Necromancy
  4343 | D:4      | Reached XP level 7. HP: 44/52 MP: 5/12
  4416 | D:4      | Found a broken altar of Ashenzari.
  4522 | D:4      | Found an opulent altar of Gozag.
  4579 | D:4      | Found a stormy altar of Qazlal.
  4582 | D:4      | Noticed Eustachio
  5241 | D:4      | Killed Eustachio
  5242 | D:4      | Found a burning altar of Makhleb.
  5363 | D:4      | Found a large runed translucent door.
  5364 | D:4      | Found a large runed translucent door.
  5366 | D:4      | Noticed frostburnice's ghost (weakling FeBe)
  5537 | D:5      | Entered Level 5 of the Dungeon
  5540 | D:5      | Noticed Duvessa
  5540 | D:5      | Noticed Dowan
  5554 | D:4      | Killed Duvessa
  5559 | D:4      | Killed Dowan
  6021 | D:5      | Reached XP level 8. HP: 61/61 MP: 15/15
  6158 | D:5      | Reached skill level 7 in Necromancy
  6286 | D:5      | Reached skill level 5 in Spellcasting
  6413 | D:5      | Found a blossoming altar of Fedhas.
  6415 | D:5      | Found a bloodstained altar of Trog.
  6465 | D:5      | Reached skill level 5 in Dodging
  6936 | D:5      | Found Ipna's Distillery.
  6939 | D:5      | Bought a potion of curing for 42 gold pieces
  6939 | D:5      | Bought a potion of heal wounds for 70 gold pieces
  6972 | D:5      | Reached skill level 5 in Fighting
  7238 | D:6      | Found Giadab's Jewellery Shop.
  8021 | D:6      | Reached XP level 9. HP: 63/68 MP: 11/17
  8229 | D:6      | Reached skill level 8 in Necromancy
  8630 | D:6      | Found a snail-covered altar of Cheibriados.
  9516 | D:7      | Noticed Menkaure
 10147 | D:7      | Found a shimmering altar of Xom.
 10645 | D:7      | Found an iron altar of Okawaru.
 10742 | D:7      | Found a staircase to the Ecumenical Temple.
 10859 | Temple   | Entered the Ecumenical Temple
 10866 | Temple   | Became a worshipper of Kikubaaqudgha
 11797 | D:8      | Reached skill level 9 in Necromancy
 11927 | D:8      | Identified the +10 spear of Spores {venom, *Rage rPois
                  | Str+7}
 11945 | D:8      | Found a transporter.
 11963 | D:8      | Noticed tizbic2's ghost (novice MfSh)
 11971 | D:8      | Identified the ring of Kewnykhe {Fly rPois rN+ Str-2 Dex+4}
 11982 | D:8      | Found a transporter.
 12060 | D:8      | Noticed a gargoyle
 12102 | D:7      | Slain by Menkaure

Illustrated notes

Levels and vault maps discovered:
D:1:      eino_arrival_cavern_d, layout_basic
D:2:      layout_basic, serial_shops, shop
D:3:      layout_basic
D:4:      layout_rooms, grunt_gozag_statues, cheibrodos_ashenzari_chains,
          grunt_temple_overflow_open, ebering_ghost_disaster_area,
          uniq_eustachio
D:5:      nicolae_BIG_FREAKIN_CUBE, layout_cave_pods, minitemple, serial_shops,
          nicolae_shop_behind_doors, hangedman_abyss_or_decor_passed,
          uniq_duvessa
D:6:      layout_basic, mainiacjoe_overflow_alcove_2, serial_shops, shop
D:7:      nicolae_cairo_tiling_very_big, layout_loops_ring,
          mainiacjoe_overflow_chevrons, okawaru_gym_becter,
          minmay_temple_entry_mini_moons, uniq_menkaure
D:8:      layout_basic, gammafunk_ghost_gnarly_gnolls
Temple:   compressed_dpeg_triangle_lava_temple

Skill      XL: |  1  2  3  4  5  6  7  8  9 |
---------------+----------------------------+-----
Stealth        | 2 |  2.0
Dodging        | 2 3 4 5 6 |  6.7
Fighting       | 1 2 3 4 5 6 |  6.8
Necromancy     | 5 6 7 9 |  9.0
Spellcasting   | 3 4 5 6 |  6.8

Action                     |  1- 3 |  4- 6 |  7- 9 || total
---------------------------+-------+-------+-------++-------
  Melee: Short sword       |    34 |       |       ||    34
         Mace              |       |    18 |   134 ||   152
   Cast: Necrotise         |    66 |    43 |    89 ||   198
         Vampiric Draining |       |    22 |   116 ||   138
         Animate Dead      |       |       |     1 ||     1
    Use: Scroll            |       |       |     4 ||     4
   Stab: Sleeping          |       |       |     2 ||     2
 Armour: Robe              |    19 |    29 |   190 ||   238
  Dodge: Dodged            |    38 |    28 |   200 ||   266
